Map: Sacred Grounds

Players

DEVIL

  • Race: Protoss Protoss
  • Spawn Location: 12:00

conrad

  • Race: Terran Terran
  • League: Platinum
  • Spawn Location: 12:00

Ice

  • Race: Protoss Protoss
  • Spawn Location: 12:00

Kernelu

  • Race: Terran Terran
  • Spawn Location: 12:00

Beastyqt - Winner!

  • Race: Protoss Protoss
  • League: Grandmaster
  • Spawn Location: 6:00

TurkeyDano - Winner!

  • Race: Protoss Protoss
  • League: Master
  • Spawn Location: 6:00

printf - Winner!

  • Race: Protoss Protoss
  • Spawn Location: 6:00

llllllllllll - Winner!

  • Race: Protoss Protoss
  • League: Master
  • Spawn Location: 6:00

VOD

Have the link to the VOD?

Description

Time

  • Played on: Jan. 13, 2019, 3:34 p.m.
  • Length: 5:47
Show
View Real Time Build Order
Export as new Build Order

DEVIL Protoss 

Build Orders:  

Get SALT Encoding   

  12  0:01  Probe  
  13  0:14  Probe  
  14  0:24  Pylon  
  14  0:26  Probe  
  15  0:40  Probe  
  16  0:46  Gateway  
  16  0:48  Probe  
  16  0:50  Assimilator  
  16  0:57  Probe  
  17  1:00  Assimilator  
  18  1:06  Probe  
  19  1:14  Probe  
  20  1:22  Probe  
  21  1:33  Cybernetics Core  
  21  1:37  Gateway  
  21  1:40  Pylon  
  21  1:56  Probe  
  21  2:00  Stalker  
  22  2:03  Gateway  
  24  2:22  Gateway  
  24  2:26  Pylon  
  24  2:40  Warp Gate  
  24  2:43  Stalker  
  24  2:44  Stalker  
  28  2:50  Pylon  
  28  3:04  Gateway  
  28  3:10  Stalker  
  30  3:28  Gateway  
  30  3:45  Stalker x2  
  34  3:56  Stalker x2  
  30  4:46  Stalker  
  30  4:47  Stalker x3  
  30  4:51  Robotics Facility  
  27  5:11  Stalker  
  27  5:12  Stalker  
Show
View Real Time Build Order
Export as new Build Order

conrad Terran 

Build Orders:  

Get SALT Encoding   

  12  0:01  SCV  
  13  0:13  SCV  
  14  0:23  Supply Depot  
  14  0:32  SCV  
  15  0:38  Supply Depot  
  15  0:48  Barracks  
  15  0:50  SCV  
  16  1:05  Barracks  
  16  1:07  SCV  
  15  1:19  SCV  
  16  1:28  Supply Depot  
  16  1:37  SCV  
  17  1:49  SCV, Refinery  
  18  2:01  Marine  
  19  2:06  SCV, Barracks x2  
  20  2:10  Marine  
  21  2:29  Marine  
  22  2:30  Marine  
  23  2:45  SCV  
  23  2:47  Marine x2  
  26  2:58  Orbital Command  
  26  3:02  Marine  
  26  3:04  Barracks Tech Lab  
  26  3:05  Marine x2, Supply Depot  
  27  3:44  Factory  
  27  3:50  Marine x4  
  30  4:00  Bunker  
  30  4:05  Combat Shield  
  30  4:08  Marine  
  31  4:11  Engineering Bay  
  31  4:27  Factory Tech Lab  
  31  4:32  Marine  
  31  4:43  Marine x3  
  31  4:44  SCV  
  31  4:45  Supply Depot  
  35  4:46  Missile Turret  
  35  4:57  Siege Tank  
  38  5:01  Marine  
  39  5:14  Marine x3  
  39  5:19  Marine  
Show
View Real Time Build Order
Export as new Build Order

Ice Protoss 

Build Orders:  

Get SALT Encoding   

  12  0:01  Probe  
  13  0:14  Probe  
  14  0:25  Pylon  
  14  0:29  Probe  
  15  0:39  Probe  
  15  0:47  Probe  
  16  0:53  Gateway  
  17  1:01  Assimilator  
  17  1:06  Pylon  
  17  1:22  Assimilator  
  17  1:40  Cybernetics Core  
  17  1:59  Gateway  
  17  2:01  Gateway  
  17  2:05  Pylon  
  19  2:24  Pylon  
  19  2:26  Pylon  
  19  2:31  Pylon  
  19  2:43  Pylon  
  19  2:45  Pylon x2  
  19  2:48  Pylon  
  19  2:49  Zealot  
  19  3:23  Gateway  
  19  3:43  Stalker  
  19  3:44  Stalker  
  19  3:45  Stalker  
  19  4:54  Stalker x3  
  19  4:58  Stalker  
Show
View Real Time Build Order
Export as new Build Order

Kernelu Terran 

Build Orders:  

Get SALT Encoding   

  12  0:01  SCV  
  13  0:13  SCV  
  14  0:21  Supply Depot  
  14  0:27  SCV  
  15  0:44  Barracks  
  15  0:45  SCV  
  16  0:57  SCV  
  16  0:59  Barracks  
  17  1:10  SCV  
  18  1:22  SCV, Barracks  
  19  1:30  Barracks  
  19  1:32  Marine  
  20  1:37  SCV  
  21  1:45  Bunker  
  21  1:48  Marine  
  21  1:51  Marine  
  23  2:30  Barracks  
  23  2:37  Orbital Command, Refinery  
  23  2:39  Refinery  
  23  2:52  Supply Depot  
  23  2:55  Supply Depot  
  23  2:58  Supply Depot  
  23  3:12  Supply Depot  
  23  3:13  SCV, Marine x4  
  28  3:31  Marine  
  29  3:35  Barracks Tech Lab x2  
  29  3:36  Barracks Tech Lab  
  29  3:38  SCV  
  30  3:41  Supply Depot  
  30  3:45  Supply Depot  
  30  3:48  Marine  
  31  4:00  Marauder x2  
  31  4:01  Marauder  
  37  4:16  Concussive Shells  
  37  4:17  Barracks Tech Lab  
  37  4:18  SCV  
  37  4:21  Supply Depot  
  38  4:39  Marauder  
  38  4:40  Marauder x3  
  38  4:45  Barracks Tech Lab  
  46  4:55  Engineering Bay  
  34  5:25  Marine  
  34  5:26  Marine x4  
Show
View Real Time Build Order
Export as new Build Order

Beastyqt Protoss - Winner!

Build Orders: Dark Templar Rush 

Get SALT Encoding   

  12  0:00  Probe  
  13  0:13  Probe  
  14  0:19  Pylon  
  14  0:25  Probe  
  15  0:37  Probe  
  15  0:41  Gateway  
  16  0:49  Probe  
  17  1:01  Probe  
  18  1:13  Probe  
  18  1:18  Assimilator  
  19  1:20  Assimilator  
  20  1:25  Probe  
  20  1:28  Zealot  
  20  1:37  Cybernetics Core  
  22  1:46  Probe  
  23  1:54  Nexus  
  23  2:04  Warp Gate  
  23  2:13  Pylon  
  23  2:31  Zealot  
  23  2:33  Twilight Council  
  23  2:35  Pylon  
  25  2:43  Probe  
  25  2:46  Pylon  
  25  2:55  Probe  
  26  3:07  Probe  
  26  3:12  Dark Shrine  
  27  3:13  Gateway  
  27  3:27  Gateway  
  27  3:40  Gateway  
  27  3:55  Probe  
  28  4:12  Nexus  
  28  4:17  Pylon  
  26  4:30  Pylon  
  26  4:36  Dark Templar  
  28  4:39  Dark Templar  
  30  4:51  Dark Templar  
  32  4:56  Dark Templar  
  30  5:09  Dark Templar  
  30  5:11  Probe  
  33  5:23  Probe  
  34  5:28  Assimilator, Probe  
  34  5:32  Assimilator  
  34  5:35  Probe  
  36  5:38  Dark Templar  
  38  5:45  Dark Templar  
Show
View Real Time Build Order
Export as new Build Order

TurkeyDano Protoss - Winner!

Build Orders: 1 Gate Expand, Oracle Opening 

Get SALT Encoding   

  12  0:00  Probe  
  13  0:13  Probe  
  14  0:21  Pylon  
  14  0:24  Probe  
  15  0:35  Probe  
  15  0:41  Gateway  
  16  0:43  Probe  
  17  0:58  Probe  
  18  1:08  Assimilator  
  18  1:10  Probe  
  19  1:22  Probe  
  20  1:28  Nexus  
  20  1:38  Zealot  
  20  1:41  Probe  
  20  1:42  Cybernetics Core  
  23  1:55  Pylon  
  23  2:03  Assimilator  
  23  2:13  Probe  
  24  2:16  Pylon  
  24  2:25  Probe  
  25  2:31  Stargate  
  25  2:34  Shield Battery  
  25  2:48  Shield Battery  
  25  2:53  Shield Battery  
  25  3:02  Forge  
  25  3:07  Probe  
  26  3:25  Fleet Beacon  
  26  3:34  Oracle  
  26  3:35  Probe  
  29  3:54  Probe  
  30  4:01  Tempest  
  30  4:05  Photon Cannon  
  35  4:29  Probe  
  36  4:37  Tempest  
  36  4:38  Pylon  
  40  5:25  Probe  
Show
View Real Time Build Order
Export as new Build Order

printf Protoss - Winner!

Build Orders:  

Get SALT Encoding   

  1  0:00  Probe  
  12  0:05  Probe  
  14  0:18  Pylon  
  14  0:22  Probe  
  15  0:36  Probe  
  15  0:38  Gateway  
  16  0:48  Probe  
  17  1:03  Forge  
  17  1:14  Probe  
  17  1:16  Assimilator  
  17  1:18  Pylon  
  18  1:26  Probe  
  18  1:28  Cybernetics Core  
  19  1:37  Photon Cannon  
  19  1:46  Probe  
  20  1:49  Photon Cannon  
  20  1:58  Probe  
  21  2:10  Assimilator, Probe  
  22  2:23  Pylon  
  22  2:24  Pylon  
  22  2:25  Pylon  
  23  2:44  Robotics Facility, Probe  
  23  2:54  Shield Battery  
  23  2:56  Probe  
  24  3:08  Probe  
  25  3:18  Pylon  
  25  3:20  Probe  
  25  3:24  Immortal  
  26  3:36  Robotics Bay  
  30  3:45  Shield Battery  
  30  3:52  Pylon  
  30  3:54  Warp Prism  
  32  4:18  Disruptor  
  35  4:32  Robotics Facility  
  35  4:47  Disruptor  
  38  5:47  Pylon  
Show
View Real Time Build Order
Export as new Build Order

llllllllllll Protoss - Winner!

Build Orders:  

Get SALT Encoding   

  12  0:01  Probe  
  13  0:13  Probe  
  14  0:18  Pylon  
  14  0:25  Probe  
  15  0:37  Probe  
  16  0:46  Gateway  
  16  0:53  Gateway  
  16  1:07  Forge  
  16  1:21  Probe  
  17  1:26  Pylon  
  17  1:31  Pylon  
  17  1:33  Probe  
  18  1:40  Cybernetics Core  
  18  1:45  Probe  
  19  1:50  Photon Cannon  
  19  1:53  Photon Cannon  
  19  2:02  Photon Cannon  
  19  2:11  Probe  
  20  2:16  Pylon  
  20  2:23  Probe  
  19  2:43  Probe  
  20  2:46  Pylon  
  20  2:47  Assimilator  
  20  2:53  Assimilator  
  20  2:56  Probe  
  20  2:57  Pylon  
  21  3:08  Probe  
  22  3:20  Probe  
  23  3:32  Probe  
  23  3:33  Pylon  
  23  3:44  Probe  
  23  3:47  Nexus  
  24  3:51  Pylon  
  24  3:56  Probe  
  25  4:04  Stargate  
  25  4:12  Pylon  
  25  4:24  Probe  
  26  4:29  Assimilator  
  26  4:33  Assimilator  
  26  4:37  Pylon  
  26  4:46  Photon Cannon  
  26  4:56  Fleet Beacon  
  26  5:22  Stargate  
  26  5:23  Probe  
  26  5:25  Pylon  
Tags
 
Add a new tag
Caveats
  • Supply blocks, unpowered buildings, or Contaminate may cause inaccurate times.
  • Supply counts are checked every 10 seconds.